 Dungeon Crawl Stone Soup version 0.28-a0-422-gd71735cc25 (webtiles) character file.

Game seed: 1357889359021299964

72 heikuro the Shield-Bearer (level 4, -2/37 HPs)
             Began as a Formicid Fighter on Sept 8, 2021.
             Slain by Sigmund (4 damage)
             ... on level 2 of the Dungeon.
             The game lasted 00:01:52 (2363 turns).

heikuro the Shield-Bearer (Formicid Fighter)        Turns: 2363, Time: 00:01:53

Health: -2/37      AC:  7    Str: 22    XL:     4   Next: 50%
Magic:  4/4        EV:  9    Int:  7    God:
Gold:   84         SH:  4    Dex: 10    Spells: 3/3 levels left

rFire   . . .      SeeInvis +   a - +0 long sword
rCold   . . .      Faith    .   c - +0 buckler
rNeg    . . .      Spirit   .   b - +0 scale mail
rPois   .          Reflect  .   (helmet unavailable)
rElec   .          Harm     .   (no cloak)
rCorr   .          Rampage  .   (no gloves)
Will    .....                   (no boots)
Stlth   ..........              (no amulet)
HPRegen 0.12/turn               (no ring)
MPRegen 0.09/turn               (no ring)

@: mighty
A: permanent stasis, dig shafts and tunnels, antennae 3, four strong arms
a: Dig, Shaft Self


You were on level 2 of the Dungeon.
You visited 1 branch of the dungeon, and saw 2 of its levels.

You collected 84 gold pieces.

Inventory:

Hand Weapons
 a - a +0 long sword (weapon)
Armour
 b - a +0 scale mail (worn)
 c - a +0 buckler (worn)
Scrolls
 e - 2 scrolls of identify
 f - a scroll of amnesia {unknown}
 g - a scroll of enchant armour {unknown}
Potions
 h - a potion of degeneration {unknown}
 i - a potion of curing {unknown}
 j - a potion of invisibility {unknown}


   Skills:
 + Level 3.8 Fighting
 * Level 3.1 Long Blades
 + Level 3.8 Armour
 + Level 4.2 Shields


You had 3 spell levels left.
You didn't know any spells.
Your spell library contained the following spells:

 Spells                   Type           Power      Damage    Failure   Level
 Dazzling Flash           Conj/Hex       0%         N/A       98%         3
 Agony                    Necr           0%         N/A       100%        5
 Silence                  Hex/Air        0%         N/A       100%        5


Dungeon Overview and Level Annotations

Branches:
Dungeon (2/15)

Altars:

Annotations:
D:2 1 runed translucent door, Crazy Yiuf, Sigmund


Innate Abilities, Weirdness & Mutations

You cannot be hasted, slowed, berserked, paralysed or teleported.
You can dig through walls and to a lower floor.
You have a pair of large antennae on your head. (SInv)
Your four strong arms can wield two-handed weapons with a shield.


Message History

You add the spells Dazzling Flash, Agony and Silence to your library.
There is an open door here.
There is an open door here.
There is an open door here.
Sigmund the Dreaded comes into view.
He is wielding a +2 scythe of protection.
Sigmund shouts!
You aren't carrying any items that you can evoke.
You feel very mighty all of a sudden.
Sigmund hits you with a +2 scythe of protection!
You hit Sigmund.
Sigmund is lightly wounded.
Sigmund gestures at you while chanting. The magic dart hits you!
You slash Sigmund!
Sigmund is moderately wounded.
Sigmund hits you with a +2 scythe of protection.
You hit Sigmund.
Sigmund is heavily wounded.
Sigmund asks, "Do you like me?" Sigmund closely misses you.
You slash Sigmund!
Sigmund is almost dead.
Sigmund hits you with a +2 scythe of protection!
* * * LOW HITPOINT WARNING * * *
Your scale mail prevents you from hitting Sigmund.
Sigmund is almost dead.
You barely miss Sigmund.
Sigmund is almost dead.
Sigmund closely misses you.
Unknown command.
You closely miss Sigmund.
Sigmund is almost dead.
Sigmund hits you but does no damage.
You closely miss Sigmund.
Sigmund is almost dead.
Sigmund barely misses you.
You completely miss Sigmund.
Sigmund is almost dead.
Sigmund hits you with a +2 scythe of protection.
You die...

.......##
##.##.#
####.#.# #
#.....##
####.#
#......#
##...## #.#
#.######
##+# #.# #.#
#.#
#.########
#.#
###.##......
#.#
#.......####
#.#
#.#.#.......
#@#
#.#.#...#...
......@.#
#.#.#...#.##
#########
#.#......<..
#.......####
#####.......
########


You could see Sigmund.

Vanquished Creatures
  Jessica (D:2)
  3 worms (D:2)
  2 ball pythons (D:2)
  6 endoplasms
  2 giant cockroaches
  3 goblins
  5 hobgoblins
  3 quokkas
  4 bats
  A frilled lizard (D:1)
  3 rats
33 creatures vanquished.

Notes
Turn   | Place    | Note
-------+----------+-------------------------------------------
     0 | D:1      | heikuro the Formicid Fighter began the quest for the Orb.
     0 | D:1      | Reached XP level 1. HP: 18/18 MP: 1/1
   320 | D:1      | Reached XP level 2. HP: 24/24 MP: 2/2
  1183 | D:2      | Reached XP level 3. HP: 29/29 MP: 3/3
  1254 | D:2      | Reached skill level 4 in Shields
  1548 | D:2      | Found a runed translucent door.
  1549 | D:2      | Noticed Crazy Yiuf
  2088 | D:2      | Noticed Jessica
  2102 | D:2      | Killed Jessica
  2103 | D:2      | Reached XP level 4. HP: 26/37 MP: 4/4
  2349 | D:2      | Noticed Sigmund
  2363 | D:2      | Slain by Sigmund

Illustrated notes

Levels and vault maps discovered:
D:1:      roderic_octagonal_star, layout_basic, chequers_avenue, chequers_jeans,
          minivault_24
D:2:      layout_loops_corners, kennysheep_jessica_study, uniq_sigmund,
          uniq_crazy_yiuf_cottage

Skill      XL: |  1  2  3 |
---------------+----------+-----
Shields        | 4 |  4.2
Long Blades    | 3 |  3.1
Fighting       | |  3.8
Armour         | |  3.8

Action                   |  1- 3 |  4- 6 || total
-------------------------+-------+-------++-------
Melee: Long sword        |   114 |     9 ||   123
  Use: Scroll            |     1 |       ||     1
       Potion            |       |     1 ||     1
Armor: Scale mail        |    39 |     1 ||    40
Dodge: Dodged            |    52 |     3 ||    55
Block: Buckler           |    15 |       ||    15

Table legend: (Time is in decaauts)
 A = Elapsed time spent in this place.
 B = Non-inter-level travel time spent in this place.
 C = Inter-level travel time spent in this place.
 D = Time resting spent in this place.
 E = Time spent auto-exploring this place.
 F = Levels seen in this place.
 G = Mean time per level.
                   A        B        C        D        E       F      G
               +--------+--------+--------+--------+--------+-----+--------+
         Total |   2395 |   2369 |     26 |      0 |   2059 |   2 | 1197.5 |
       Dungeon |   2395 |   2369 |     26 |      0 |   2059 |   2 | 1197.5 |
               +--------+--------+--------+--------+--------+-----+--------+

Top non-repeatable levels by time:
     D:2: 1278 daAuts
     D:1: 1117 daAuts
